 Dungeon Crawl Stone Soup version 0.30.0-15-g856e2d3f33 (webtiles) character file.

Game seed: 16675225167038003168

42 RascalDebosk the Magician (level 3, -5/20 (25) HPs)
             Began as a Djinni Enchanter on May 20, 2023.
             Slain by a gnoll
             ... wielding a +0 spear
              (6 damage)
             ... on level 2 of the Dungeon.
             The game lasted 00:09:15 (1321 turns).

RascalDebosk the Magician (Djinni Enchanter)        Turns: 1321, Time: 00:09:15

HP:   -5/20 (25)    AC:  2    Str:  7    XL:     3   Next: 77%
Gold: 35            EV:  6    Int: 18    God:
                    SH:  0    Dex: 13

rFire   + + .        s - +1 dagger
rCold   x . .        (no shield)
rNeg    . . .        b - +0 robe
rPois   ∞            (no helmet)
rElec   .            (no cloak)
rCorr   .            (no gloves)
SInv    .            (boots unavailable)
Will    .....        h - amulet of regeneration
Stlth   ++           (no ring)
HPRegen 1.03/turn    (no ring)
MPRegen 0.00/turn

%: infuse magic (-6 HP)
@: flying, held, heavily drained
A: sickness immunity, fire resistance 2, cold vulnerability 1, float, innate
caster, HP casting, extra vitality 1
a: no special abilities


You were on level 2 of the Dungeon.
You visited 1 branch of the dungeon, and saw 2 of its levels.

You collected 35 gold pieces.

Inventory:

Hand Weapons
 s - a +1 dagger (weapon)
Armour
 b - a +0 robe (worn)
Jewellery
 h - an amulet of regeneration (around neck)
Scrolls
 a - 2 scrolls of identify {unknown}
 d - a scroll of poison {unknown}
 g - a scroll of blinking {unknown}
 i - a scroll of fog {unknown}
 j - a scroll of immolation {unknown}
Potions
 c - 2 potions of invisibility
 e - a potion of might {unknown}
 f - a potion of heal wounds {unknown}


   Skills:
 - Level 0.8 Short Blades
 - Level 2.1 Dodging
 - Level 2.4 Stealth
 + Level 3.5 Spellcasting


You knew the following spells:

 Your Spells              Type           Power      Damage    Failure   Level
a - Ensorcelled Hibernat  Hex/Ice        30%        N/A       5%          2
b - Confusing Touch       Hex            15%        N/A       11%         3
c - Tukima's Dance        Hex            15%        N/A       11%         3
d - Dazzling Flash        Conj/Hex       30%        N/A       11%         3
e - Kiss of Death         Conj/Necr      60%        2d10      3%          1
Your spell library was empty.

Dungeon Overview and Level Annotations

Branches:
Dungeon (2/15)

Altars:


Innate Abilities, Weirdness & Mutations

You are immune to sickness and miasma.
You are immune to poison.
Your flesh is very heat resistant. (rF++)
You are vulnerable to cold. (rC-)
You float through the air rather than walking.
You learn spells naturally, not from books.
Your magical power is your life essence.
You have superior vitality. (+4 MHP)


Message History

Confirm with . or Enter, or press ? or * to list all spells.
Aiming: Ensorcelled Hibernation (safe; 5% risk of failure)
Press: ? - help, Shift-Dir - straight line, f - goblin
Aim: a goblin, wielding a +0 club (chance to affect: 66%)
The goblin looks drowsy...
The helpless goblin fails to defend itself.
You puncture the goblin!
You kill the goblin!
Found a stone staircase leading up.
A bat comes into view.
Casting: Ensorcelled Hibernation (safe; 5% risk of failure)
Confirm with . or Enter, or press ? or * to list all spells.
You can't see any susceptible monsters within range! (Use Z to cast anyway.)
The helpless bat fails to defend itself.
You puncture the bat!
You kill the bat!
A gnoll comes into view. It is wielding a +0 spear.
You see here a bat corpse.
A hobgoblin and a bat come into view.
A gnoll comes into view. It is wielding a +0 spear.
The gnoll throws a throwing net.
The throwing net hits you.
You become entangled in the net!
The bat hits you but does no damage.
You see here a throwing net {@!f}.
You struggle against the net.
The bat hits you but does no damage.
Casting: Ensorcelled Hibernation (safe; 5% risk of failure)
Confirm with . or Enter, or press ? or * to list all spells.
The spell is quite dangerous to miscast (11% risk of failure)!
Continue anyway?
Aiming: Tukima's Dance (quite dangerous; 11% risk of failure)
Press: ? - help, Shift-Dir - straight line, f - gnoll
Aim: a gnoll, wielding a +0 spear (chance to affect: 57%)
The +0 spear dances into the air!
You hear a shout!
The bat hits you but does no damage.
The hobgoblin shouts!
The gnoll shouts!
You hear a shout!
A gnoll comes into view. It is wielding a +0 club.
Casting: Tukima's Dance (quite dangerous; 11% risk of failure)
Confirm with . or Enter, or press ? or * to list all spells.
The spell is quite dangerous to miscast (11% risk of failure)!
Continue anyway?
Aiming: Tukima's Dance (quite dangerous; 11% risk of failure)
Press: ? - help, Shift-Dir - straight line, f - gnoll
Aim: a gnoll, wielding a +0 club (chance to affect: 57%)
The +0 club dances into the air!
The bat hits you but does no damage.
The gnoll hits your +0 club with a +0 spear.
Casting: Tukima's Dance (quite dangerous; 11% risk of failure)
Confirm with . or Enter, or press ? or * to list all spells.
The spell is quite dangerous to miscast (11% risk of failure)!
Continue anyway?
Casting: Dazzling Flash (quite dangerous; 11% risk of failure)
Press: ? - help, Dir - look around, f - activate The bat hits you.
Something closely misses the gnoll.
The gnoll hits your +0 club with a +0 spear!
Your +0 club falls from the air.
Casting: Dazzling Flash (quite dangerous; 11% risk of failure)
Confirm with . or Enter, or press ? or * to list all spells.
Aiming: Ensorcelled Hibernation (safe; 5% risk of failure)
Press: ? - help, Shift-Dir - straight line, f - gnoll
Aim: a gnoll (chance to affect: 57%)
The gnoll looks drowsy...
The bat hits you but does no damage. The bat barely misses you.
Something hits the gnoll.
A ball python comes into view.
You struggle against the net.
The bat hits you but does no damage. The gnoll hits you.
The gnoll shouts!
Casting: Ensorcelled Hibernation (safe; 5% risk of failure)
Confirm with . or Enter, or press ? or * to list all spells.
Aiming: Ensorcelled Hibernation (safe; 5% risk of failure)
Press: ? - help, Shift-Dir - straight line, f - bat, p - gnoll
Aim: a bat (chance to affect: 66%)
The bat looks drowsy...
A quokka comes into view.
Your +0 spear closely misses the gnoll.
The gnoll hits you but does no damage. The gnoll hits you.
* * * LOW HITPOINT WARNING * * *
Something hits your +0 spear.
Your +0 spear falls from the air.
You struggle against the net.
A goblin comes into view. It is wielding a +0 club.
The gnoll barely misses you.
The gnoll hits you from afar with a +0 spear.
* * * LOW HITPOINT WARNING * * *
You struggle against the net.
The bat hits you but does no damage.
A goblin comes into view. It is wielding a +0 club.
The gnoll hits you.
* * * LOW HITPOINT WARNING * * *
The gnoll hits you from afar with a +0 spear.
* * * LOW HITPOINT WARNING * * *
The gnoll hits you.
* * * LOW HITPOINT WARNING * * *
Casting: Ensorcelled Hibernation (safe; 5% risk of failure)
Confirm with . or Enter, or press ? or * to list all spells.
Aiming: Kiss of Death (safe; 3% risk of failure)
Press: ? - help, Shift-Dir - straight line, f - gnoll, p - bat
Aim: a gnoll (100% to hit)
The negative energy hits the gnoll!
The gnoll is drained!
The gnoll is almost dead.
You feel drained.
* * * LOW HITPOINT WARNING * * *
The bat closely misses you. The gnoll hits you.
* * * LOW HITPOINT WARNING * * *
The gnoll hits you from afar with a +0 spear.
You die...

### #. ..# #. #.######
######.#####......
..........#......# #
.............###.##.####
..#.............g.......
..............†.@bg.)..#
.<........######g#...#.#
^.........# #g# ..#
..#.....###


#Sg ... ........# #... r.. ..##.##.### #.... .# ..#.......# ...... . #......##.#
......# #..†)...#.# You could see 3 gnolls, a quokka, a hobgoblin, a goblin, a
bat and a ball python.

Vanquished Creatures
  2 dart slugs (D:1)
  3 bats (D:2)
  2 endoplasms (D:1)
  4 giant cockroaches
  3 goblins
  2 hobgoblins
  6 kobolds
  A quokka (D:1)
  7 ball pythons
  A frilled lizard (D:1)
  3 rats (D:1)
34 creatures vanquished.

Vanquished Creatures (others)
  2 dancing weapons (D:2)
2 creatures vanquished.

Grand Total: 36 creatures vanquished

Notes
Turn   | Place    | Note
-------+----------+-------------------------------------------
     0 | D:1      | RascalDebosk the Djinni Enchanter began the quest for the
                  | Orb.
     0 | D:1      | RascalDebosk set off with the following spells memorised:
                  | Ensorcelled Hibernation, Confusing Touch, Tukima's Dance,
                  | Dazzling Flash.
     0 | D:1      | Reached XP level 1. HP: 15/15 MP: 0/0
   178 | D:1      | Reached XP level 2. HP: 21/21 MP: 0/0
   223 | D:1      | Reached skill level 3 in Spellcasting
   516 | D:1      | Reached XP level 3. HP: 25/25 MP: 0/0
   516 | D:1      | Learned a level 1 spell: Kiss of Death
  1321 | D:2      | HP: 1/20 [gnoll (2)]
  1321 | D:2      | Slain by a gnoll

Illustrated notes

Levels and vault maps discovered:
D:1:      lightli_molten_gateway, layout_loops_ring, minmay_misc_feat_diagonals
D:2:      layout_loops_ring, ebering_ecumenical_altar_sacrificial, serial_shops,
          nicolae_shop_hallway_plus, minmay_tree_intersection

Skill      XL: |  1  2 |
---------------+-------+-----
Spellcasting   | 3 |  3.5
Short Blades   | |  0.8
Dodging        | |  2.1
Stealth        | |  2.4

Action                     || total
---------------------------++-------
  Melee: Dagger            ||    51
   Cast: Ensorcelled Hiber ||    46
         Tukima's Dance    ||     2
         Dazzling Flash    ||     1
         Kiss of Death     ||     1
   Stab: Sleeping          ||    25
 Armour: Robe              ||    20
  Dodge: Dodged            ||    38
